 Dungeon Crawl Stone Soup version 0.30.1-11-g7821555f0a (webtiles) character file.

Game seed: 5473684040525848316

107 RancidPinata the Sneak (level 4, 0/33 HPs)
             Began as an Octopode Delver on Dec 31, 2023.
             Slain by a scorpion (6 damage)
             ... on level 4 of the Dungeon.
             The game lasted 00:05:59 (1087 turns).

RancidPinata the Sneak (Octopode Delver)            Turns: 1087, Time: 00:05:59

Health: 0/33       AC:  1    Str: 11    XL:     4   Next: 85%
Magic:  4/4        EV: 13    Int: 12    God:
Gold:   44         SH:  0    Dex: 15    Spells: 3/3 levels left

rFire   . . .        a - +0 short sword
rCold   . . .        (no shield)
rNeg    . . .        (helmet restricted)
rPois   .            (no amulet)
rElec   .            (no ring)
rCorr   .            (no ring)
SInv    .            (no ring)
Will    .....        (no ring)
Stlth   +++++        (no ring)
HPRegen 0.25/turn    (no ring)
MPRegen 0.09/turn    (no ring)
                     (no ring)

%: no passive effects
@: lethally poisoned (0 -> -9)
A: almost no armour, amphibious, 8 rings, camouflage 1, gelatinous body 1,
(nimble swimmer 1), tentacles
a: no special abilities


You were on level 4 of the Dungeon.
You visited 1 branch of the dungeon, and saw 4 of its levels.

You collected 44 gold pieces.

Inventory:

Hand Weapons
 a - a +0 short sword (weapon)
Missiles
 k - 15 stones (quivered)
Wands
 f - a wand of digging (3)
Scrolls
 b - a scroll of fog
 c - a scroll of magic mapping
 h - 2 scrolls of identify {unknown}
 j - 2 scrolls of poison {unknown}
 l - a scroll of teleportation
 m - a scroll of acquirement {unknown}
Potions
 d - a potion of might {unknown}
 e - a potion of haste
 g - a potion of cancellation {unknown}
 i - a potion of resistance {unknown}


   Skills:
 * Level 3.7 Fighting
 * Level 3.0 Short Blades
 + Level 2.5 Dodging
 * Level 7.5 Stealth


You had 3 spell levels left.
You didn't know any spells.
Your spell library contained the following spells:

 Spells                   Type           Power      Damage    Failure   Level
 Summon Ice Beast         Ice/Summ       0%         N/A       97%         4
 Summon Mana Viper        Hex/Summ       0%         N/A       100%        5
 Monstrous Menagerie      Summ           0%         N/A       100%        7


Dungeon Overview and Level Annotations

Branches:
Dungeon (6/15)
 Temple: D:4-7

Altars:
Cheibriados
The Shining One

Annotations:
D:5 Grinder


Innate Abilities, Weirdness & Mutations

You cannot wear most types of armour.
You are amphibious.
You can wear up to eight rings at the same time.
Your skin changes colour to match your surroundings (Stealth+).
Your rubbery body absorbs attacks. (AC +1, EV +1)
((You are camouflaged when in or above water. (Stealth+)))
You have tentacles for arms and can constrict up to eight enemies at once.


Message History

You open the door.
Found a scroll labelled PADWYJ WUKES.
There is an open door here.
A scorpion comes into view.
The scorpion closely misses you.
You see here a scroll labelled PADWYJ WUKES.
You hit the scorpion but do no damage. You grab the scorpion.
You squeeze the scorpion.
The scorpion is moderately wounded.
You constrict the scorpion, but do no damage.
The scorpion stings you!
You are poisoned.
The scorpion poisons you!
You hit the scorpion but do no damage.
The scorpion is moderately wounded.
You constrict the scorpion.
You feel sick. The scorpion barely misses you.
You hit the scorpion but do no damage.
The scorpion is moderately wounded.
You constrict the scorpion, but do no damage.
You feel sick. The scorpion stings you.
You are lethally poisoned!
The scorpion poisons you!
You barely miss the scorpion.
You squeeze the scorpion, but do no damage.
The scorpion is moderately wounded.
You constrict the scorpion.
You feel very sick. The scorpion completely misses you.
You hit the scorpion.
The scorpion is heavily wounded.
You constrict the scorpion.
You feel very sick. The scorpion stings you.
* * * LOW HITPOINT WARNING * * *
You hit the scorpion.
The scorpion is severely wounded.
You constrict the scorpion.
* * * LOW HITPOINT WARNING * * *
You feel sick. The scorpion stings you.
You die...

##### #.... ######
#.#.# ##
#....####.#.# .#
#.........#.# .#
#.........#.##
.#########
#.........'..#
.........#
#.s@......#..#
....o....#
#.........#.....
..o.o....#
#.........##......
.#########
#....###### ######
.# ###### .# o#
##### ....# g.....
##


You could see a scorpion.

Vanquished Creatures
  An iguana (D:4)
  4 adders
  2 ufetubi
  3 worms
  2 dart slugs (D:4)
  2 orcs (D:4)
  3 ball pythons
  A giant cockroach (D:4)
  2 goblins (D:4)
  A hobgoblin (D:4)
  A bat (D:3)
  A frilled lizard (D:3)
  5 kobolds
28 creatures vanquished.

Notes
Turn   | Place    | Note
-------+----------+-------------------------------------------
     0 | D:5      | RancidPinata the Octopode Delver began the quest for the
                  | Orb.
     0 | D:5      | Reached XP level 1. HP: 16/16 MP: 1/1
     4 | D:6      | Noticed a scorpion
    43 | D:5      | Noticed Grinder
    98 | D:5      | Noticed an ice beast
   116 | D:4      | Reached XP level 2. HP: 19/21 MP: 2/2
   464 | D:3      | Reached skill level 7 in Stealth
   464 | D:3      | Reached XP level 3. HP: 26/26 MP: 3/3
   502 | D:3      | Found a glowing golden altar of the Shining One.
   671 | D:4      | Reached XP level 4. HP: 31/31 MP: 4/4
   912 | D:4      | Found a snail-covered altar of Cheibriados.
  1076 | D:4      | Noticed a scorpion
  1087 | D:4      | Slain by a scorpion

Illustrated notes

Levels and vault maps discovered:
D:3:      layout_loops_ring, lemuel_crystal_altar, serial_shops, shop,
          minmay_misc_feat_square
D:4:      minmay_inner_zag, layout_basic, mainiacjoe_overflow_alcove_4,
          slow_altar_2
D:5:      layout_cave_pods, palyth_stone_intersect, uniq_grinder
D:6:      layout_cave_pools, mainiacjoe_overflow_concentric_impassable,
          serial_shops, shop_coins

Skill      XL: |  1  2  3  4 |
---------------+-------------+-----
Stealth        | 7 |  7.5
Short Blades   | 3 |  3.0
Fighting       | |  3.7
Dodging        | |  2.5

Action                     |  1- 3 |  4- 6 || total
---------------------------+-------+-------++-------
  Melee: Short sword       |    29 |    33 ||    62
         Constrict         |     6 |     7 ||    13
         Tentacles         |     3 |     7 ||    10
    Use: Scroll            |     1 |     1 ||     2
   Stab: Sleeping          |    10 |     4 ||    14
 Armour: Skin              |     1 |     1 ||     2
  Dodge: Dodged            |    21 |    18 ||    39
